 Dungeon Crawl Stone Soup version 0.27-a0-1200-g94dc6ad (webtiles) character file.

Game seed: 7011213383438052573

173523 Meow the Devastator (level 18, -5/178 HPs)
             Began as a Naga Venom Mage on May 29, 2021.
             Was an Initiate of Gozag.
             Killed from afar by a spriggan air mage (7 damage)
             ... with a bolt of lightning
             ... in a wizard's laboratory.
             The game lasted 02:28:24 (37552 turns).

Meow the Devastator (Naga Venom Mage)              Turns: 37552, Time: 02:28:24

Health: -5/178     AC: 30    Str: 11    XL:     18   Next: 5%
Magic:  22/42      EV: 12    Int: 29    God:    Gozag
Gold:   1530       SH:  5    Dex: 18    Spells: 15/45 levels left

rFire    + . .     SeeInvis +   a - +6 Majin-Bo {vamp, MP+6 Int+6}
rCold    + + .     Faith    .   (shield currently unavailable)
rNeg     + . .     Spirit   .   W - +2 robe {rC+ rF+}
rPois    +         Reflect  +   g - +1 hat
rElec    +         Harm     .   (no cloak)
rCorr    +         Rampage  .   b - +1 pair of gloves "Zacw" {rC+ rCorr}
Will     ++...                  X - +10 Black Knight's barding {ponderous, rPois rN+}
Stlth    +++++.....             B - amulet of reflection
HPRegen  0.39/turn              u - +4 ring of protection
MPRegen  0.28/turn              S - ring "Wiedid" {rElec rPois rCorr Dex+6 SInv}

@: lethally poisoned (-5 -> -27), gold aura, hasted, studying 2 skills, very
slow
A: AC +6, large, see invisible, deformed body, poison resistance, slowness 2,
spit poison 1, naga tail 2
a: Spit Poison, Renounce Religion, Potion Petition, Call Merchant, Bribe Branch


You were in a wizard's laboratory.
You worshipped Gozag.
Gozag was most pleased with you.
You visited 5 branches of the dungeon, and saw 26 of its levels.
You also visited: Sewer, Bailey, Volcano and Wizlab.

You collected 9532 gold pieces.
You spent 4686 gold pieces at shops.
You paid 3316 gold pieces to Gozag.

Inventory:

Hand Weapons
 a - the +6 Majin-Bo (weapon) {vamp, MP+6 Int+6}
   (You bought it in a shop on level 5 of the Dungeon)

   It inflicts no extra harm, but heals its wielder when it wounds a living foe.
   It affects your intelligence (+6).
   It affects your magic capacity (+6).
 j - the +8 scimitar of Deflation {speed, *Rage Str+5}
   (You found it on level 1 of the Orcish Mines)

   Attacks with this weapon are significantly faster.
   It affects your strength (+5).
   It may make you go berserk in combat.
 z - the +6 flail "Coso" {drain, +Rage Will++ SInv}
   (You found it on level 6 of the Lair of Beasts)

   A truly terrible weapon, it drains the life of those it strikes.
   It lets you see invisible.
   It lets you go berserk.
   It greatly increases your willpower.
Missiles
 c - 3 throwing nets
 d - 5 atropa-tipped darts
 y - 912 stones (quivered)
Armour
 b - the +1 pair of gloves "Zacw" (worn) {rC+ rCorr}
   (You bought it in a shop on level 1 of the Lair of Beasts)

   It protects you from cold.
   It protects you from acid and corrosion.
 g - a +1 hat (worn)
 i - a +2 buckler
 P - a +3 troll leather armour
 W - a +2 robe of resistance (worn)
 X - the +10 Black Knight's barding (worn) {ponderous, rPois rN+}
   (You bought it in a shop on level 1 of the Lair of Beasts)

   It protects you from poison.
   It protects you from negative energy.
Jewellery
 u - a +4 ring of protection (left hand)
 B - an amulet of reflection (around neck)
 F - a ring of flight
 S - the ring "Wiedid" (right hand) {rElec rPois rCorr Dex+6 SInv}
   (You found it in a bailey)

   [ring of dexterity]

   It affects your dexterity (+6).
   It insulates you from electricity.
   It protects you from poison.
   It lets you see invisible.
   It protects you from acid and corrosion.
Wands
 G - a wand of iceblast (3)
 Q - a wand of flame (34)
 U - a wand of acid (4)
Scrolls
 h - 2 scrolls of immolation
 m - 5 scrolls of fear
 q - 4 scrolls of fog
 s - 7 scrolls of teleportation
 v - 4 scrolls of magic mapping
 H - 5 scrolls of amnesia
 K - 3 scrolls of enchant weapon
 L - 3 scrolls of silence
 M - a scroll of holy word
 N - a scroll of brand weapon
 O - 9 scrolls of identify
Potions
 e - 3 potions of attraction
 f - 7 potions of flight
 o - 6 potions of might
 r - 5 potions of haste
 t - 3 potions of magic
 w - 3 potions of brilliance
 D - 5 potions of lignification
 I - a potion of mutation
 J - 2 potions of resistance
 R - a potion of cancellation
 V - 3 potions of ambrosia
 Y - 2 potions of berserk rage
Miscellaneous
 x - a condenser vane (inert)
 C - a tin of tremorstones (2/2)
 T - a lightning rod (inert)
 Z - a phantom mirror


   Skills:
 - Level 15.0 Fighting
 - Level 8.0 Dodging
 - Level 10.0 Stealth
 - Level 2.4 Shields
 - Level 14.0 Spellcasting
 - Level 16.0 Conjurations
 - Level 1.0 Transmutations
 + Level 13.1 Air Magic
 - Level 4.0 Poison Magic


You had 15 spell levels left.
You knew the following spells:

 Your Spells              Type           Power      Damage    Failure   Level
a - Sting                 Tmut/Pois      100%       1d8       1%          1
c - Mephitic Cloud        Conj/Pois/Air  71%        N/A       1%          3
f - Lightning Bolt        Conj/Air       40%        1d59      1%          5
g - Orb of Destruction    Conj           42%        9d14      3%          7
C - Ignite Poison         Fire/Tmut/Pois 30%        N/A       3%          3
F - Freezing Cloud        Conj/Ice/Air   33%        6-21      7%          6
R - Irradiate             Conj/Tmut      31%        3d24      1%          5

Your spell library contained the following spells:

 Spells                   Type           Power      Damage    Failure   Level
 Shock                    Conj/Air       100%       1d9       0%          1
 Static Discharge         Conj/Air       81%        N/A       0%          2
 Poisonous Vapours        Pois/Air       100%       N/A       1%          2
 Dazzling Flash           Conj/Hex       100%       N/A       1%          3
 Swiftness                Air            77%        N/A       1%          3
 Airstrike                Air            38%        N/A       1%          4
 Summon Lightning Spire   Summ/Air       55%        N/A       1%          4
 Iskenderun's Battlesphe  Conj           85%        2d13      1%          5
 Animate Skeleton         Necr           40%        N/A       2%          1
 Apportation              Tloc           40%        N/A       2%          1
 Corona                   Hex            22%        N/A       2%          1
 Pain                     Necr           80%        1d8       2%          1
 Summon Small Mammal      Summ           80%        N/A       2%          1
 Call Imp                 Summ           20%        N/A       3%          2
 Ensorcelled Hibernation  Hex/Ice        40%        N/A       3%          2
 Slow                     Hex            20%        N/A       3%          2
 Sublimation of Blood     Necr           10%        N/A       3%          2
 Olgreb's Toxic Radiance  Pois           43%        N/A       4%          4
 Confusing Touch          Hex            20%        N/A       8%          3
 Inner Flame              Hex/Fire       20%        N/A       8%          3
 Portal Projectile        Hex/Tloc       40%        N/A       8%          3
 Summon Guardian Golem    Hex/Summ       20%        N/A       8%          3
 Tukima's Dance           Hex            20%        N/A       8%          3
 Vampiric Draining        Necr           10%        2d7       8%          3
 Bolt of Magma            Conj/Fire/Erth 25%        4d12      8%          5
 Iron Shot                Conj/Erth      30%        9d6       14%         6
 Ice Form                 Ice/Tmut       23%        N/A       21%         4
 Petrify                  Tmut/Erth      23%        N/A       21%         4
 Animate Dead             Necr           10%        N/A       24%         4
 Cause Fear               Hex            10%        N/A       24%         4
 Leda's Liquefaction      Hex/Erth       10%        N/A       24%         4
 Summon Ice Beast         Ice/Summ       20%        N/A       24%         4
 Alistair's Intoxication  Tmut/Pois      22%        N/A       24%         5
 Agony                    Necr           20%        N/A       56%         5
 Spellforged Servitor     Conj/Summ      30%        N/A       61%         7
 Eringya's Noxious Bog    Tmut/Pois      17%        N/A       80%         6
 Simulacrum               Ice/Necr       10%        N/A       98%         6
 Malign Gateway           Summ/Tloc      10%        N/A       100%        7
 Ozocubu's Refrigeration  Ice            10%        4d7       100%        7


Dungeon Overview and Level Annotations

Branches:
Dungeon (15/15)            Temple (1/1) D:7            Lair (6/6) D:10
  Swamp (0/4) Lair:3       Spider (0/4) Lair:2        Slime (0/5) Lair:6
    Orc (2/2) D:11            Elf (2/3) Orc:2        Vaults (0/5) D:13
 Depths (0/5) D:15          Sewer (visited)          Bailey (visited)
Volcano (visited)          WizLab (1/1)

Altars:
Ashenzari
Cheibriados
Dithmenos
Elyvilon
Fedhas
Gozag
Hepliaklqana
Kikubaaqudgha
Makhleb
Nemelex Xobeh
Okawaru
Qazlal
Ru
Sif Muna
Trog
Uskayaw
Vehumet
Wu Jian
Xom
Yredelemnul
Zin
The Shining One

Shops:
D:5 (   D:6 (*?(?   D:15 [(=(   Orc:1 [   Orc:2 *[:(   Lair:1 [[[*

Annotations:
D:11 1 runed translucent door, Remcycle's ghost, journeyman DsFi
Lair:2 2 transporters
Lair:3 1 runed translucent door, Ahyiw's ghost, journeyman GnWz


Innate Abilities, Weirdness & Mutations

Your serpentine skin is tough. (AC +6)
You have supernaturally acute eyesight. (SInv)
Armour fits poorly on your strangely shaped body.
Your system is resistant to poisons. (rPois)
You cover ground very slowly.
You can spit poison.
You can use your snake-like lower body to constrict enemies.


Message History

Your spark wasp stings the spriggan air mage!
Your spark wasp shocks the spriggan air mage!
Your air elemental is engulfed in spectral mist.
Your air elemental hits the ghost crab.
Blink to where?
Press: ? - help, Dir - move target
As you read the scroll of blinking, it crumbles to dust.
Your surroundings suddenly seem different.
You feel a bit more experienced.
A death drake, an air elemental and a spriggan air mage come into view.
You feel better.
You feel yourself speed up.
You float gracefully downwards.
Splash!
You fall into the shallow water.
Moving in this stuff is going to be slow.
The death drake hisses angrily.
An air elemental comes into view.
The spriggan air mage waves its arms in wide circles.
The air twists around and strikes you!
* * * LOW HITPOINT WARNING * * *
The death drake breathes miasma at you.
You feel better.
You are engulfed in dark miasma.
You are lethally poisoned!
* * * LOW HITPOINT WARNING * * *
x2 You feel very sick.
You block the air elemental's attack.
Unknown command.
Unknown command.
Unknown command.
You miss the air elemental.
You are engulfed in dark miasma.
* * * LOW HITPOINT WARNING * * *
You feel very sick. The air elemental barely misses you.
A vortex of raging winds appears around the air elemental!
The air elemental hits you but does no damage.
The spriggan air mage points at you and mumbles some strange words.
The bolt of lightning hits you! You resist.
You die...
Your body crumbles into a pile of gold.

≈≈≈≈≈##...≈≈≈#
≈≈≈≈≈#..≈≈≈≈≈#
≈≈≈≈##.≈≈≈≈≈≈#
≈≈≈≈#..≈≈≈≈≈≈#
≈≈≈##.≈E≈≈≈≈≈#
≈≈≈#..≈i≈≈≈≈≈#
≈≈≈#..°......+
≈≈≈#..≈@°°°≈≈#
≈≈≈##.≈E○°≈≈≈#
≈≈≈≈#..°☼°≈≈≈#
≈≈≈≈##.≈≈○≈≈≈#
≈≈≈≈≈#..≈≈○k≈#
≈≈≈≈≈##...°≈≈#
≈≈≈≈≈≈###...≈≈≈
≈≈≈≈≈≈≈≈###....
≈##############


You could see a death drake (catching breath), a spriggan air mage (repels
missiles) and 2 air elementals.

Vanquished Creatures
  Nikola (Elf:1)
  A hellephant (Elf:1)
  Kirke (D:15)
  2 deep elf sorcerers
  2 orc warlords
  A deep elf elementalist (Elf:1)
  A stone giant (Orc:1)
  An ironbound preserver (D:13)
  2 quicksilver oozes (shapeshifter) (Elf:1)
  3 very ugly things (Elf:1)
  Nessos (D:13)
  Azrael (D:12)
  A deep elf demonologist (Elf:1)
  A bunyip (shapeshifter) (Elf:1)
  A spark wasp (shapeshifter) (Elf:1)
  2 dire elephants (shapeshifter) (Elf:1)
  3 ettins (Orc:1)
  Erolcha (D:9)
  2 boulder beetles
  9 hydras
  A hydra (shapeshifter) (Elf:1)
  2 spriggan air magi (WizLab)
  A catoblepas (D:12)
  2 two-headed ogres
  7 centaur warriors
  A death knight (D:13)
  13 death yaks
  3 tengu warriors
  A satyr (shapeshifter) (Elf:1)
  4 orc high priests
  Nergalle (Orc:1)
  A shock serpent (shapeshifter) (Elf:1)
  6 deep elf knights
  3 skeletal warriors
  A fire crab (shapeshifter) (D:15)
  A sea snake (shapeshifter) (Elf:1)
  9 deep elf archers
  4 orc knights (Orc:2)
  2 wizards
  A deep troll (shapeshifter) (D:13)
  A necromancer (D:15)
  15 deep elf zephyrmancers
  6 orc sorcerers
  17 deep elf pyromancers
  23 cyclopes
  10 ugly things
  6 manticores
  3 black mambas
  A torpor snail (Lair:4)
  26 elephants
  6 gargoyles
  27 cane toads
  Psyche (D:12)
  14 komodo dragons
  An unseen horror (D:7)
  A rime drake (Lair:6)
  A tengu conjurer (D:15)
  A kobold demonologist (D:10)
  2 freezing wraiths
  5 trolls
  3 polar bears
  3 tyrant leeches (Lair:6)
  2 hornets (D:8)
  Grinder (D:5)
  3 harpy skeletons (Volcano)
  15 slime creatures
  A raiju (shapeshifter) (Elf:1)
  Prince Ribbit (D:5)
  14 blink frogs
  8 dream sheep
  A meliai zombie (D:11)
  3 flying skulls (Volcano)
  Sigmund (D:2)
  8 redbacks (Lair:2)
  An air elemental (WizLab)
  A centaur simulacrum (D:15)
  4 wyverns
  3 wraiths
  33 yaks
  4 alligator skeletons (Volcano)
  6 basilisks
  A basilisk (shapeshifter) (Elf:1)
  A human (D:15)
  3 hogs (D:15)
  5 fire elementals
  A steam dragon (D:8)
  A human (shapeshifter) (D:14)
  17 vampire mosquitoes
  7 wargs
  An acid dragon (D:10)
  21 water moccasins
  2 hell hounds (D:12)
  52 orc warriors
  A necrophage (D:7)
  3 sky beasts
  A black bear (D:6)
  A hornet zombie (D:5)
  3 wolves (Orc:1)
  17 ogres
  5 boggarts (D:15)
  19 centaurs
  25 bullfrogs
  4 kobold brigands
  2 earth elementals
  2 scorpions
  4 killer bees (D:8)
  2 spriggan skeletons (Volcano)
  2 troll skeletons (Volcano)
  10 howler monkeys
  3 electric eels
  A bullfrog zombie (D:7)
  5 centaur zombies
  36 orc priests
  2 hounds
  A centaur skeleton (D:5)
  Terence (D:3)
  3 iguanas
  27 orc wizards
  2 killer bee zombies
  A hound skeleton (D:4)
  8 gnolls
  8 adders
  6 river rats (Sewer)
  2 white imps
  An ufetubus (D:5)
  An adder zombie (D:5)
  A dart slug (D:2)
  106 orcs
  13 ball pythons
  6 bats
  A bat zombie (D:15)
  9 endoplasms
  2 giant cockroaches
  8 hobgoblins
  6 jackals
  17 kobolds
  2 quokkas
  7 frilled lizards
  8 goblins
  A quokka skeleton (D:4)
  32 rats
  2 rat zombies (D:15)
  A butterfly (Lair:6)
927 creatures vanquished.

Vanquished Creatures (others)
  9 dancing weapons
  A slime creature (D:12)
  An air elemental (WizLab)
  A kobold (D:9)
  23 fungi
  90 plants
125 creatures vanquished.

Grand Total: 1052 creatures vanquished

Notes
Turn   | Place    | Note
-------+----------+-------------------------------------------
     0 | D:1      | Meow the Naga Venom Mage began the quest for the Orb.
     0 | D:1      | Reached XP level 1. HP: 15/15 MP: 3/3
   156 | D:1      | Reached XP level 2. HP: 22/22 MP: 5/5
   349 | D:1      | Reached skill level 1 in Conjurations
   457 | D:1      | Found a faded altar of an unknown god.
   802 | D:2      | Reached XP level 3. HP: 28/28 MP: 6/6
   806 | D:2      | Learned a level 3 spell: Mephitic Cloud
  1066 | D:2      | Learned a level 3 spell: Ignite Poison
  1171 | D:2      | Noticed Sigmund
  1679 | D:3      | Found a shimmering blue altar of Sif Muna.
  1687 | D:3      | Noticed an ogre
  1780 | D:4      | Noticed a scorpion
  1785 | D:4      | Killed a scorpion
  1786 | D:4      | Reached skill level 2 in Conjurations
  1786 | D:4      | Reached XP level 4. HP: 30/36 MP: 1/9
  1868 | D:4      | Found a glowing drain.
  1889 | D:4      | Reached XP level 5. HP: 40/42 MP: 3/10
  1961 | Sewer    | Entered a sewer
  2172 | Sewer    | Reached skill level 5 in Stealth
  2486 | Sewer    | Reached XP level 6. HP: 40/49 MP: 8/12
  2583 | Sewer    | Reached skill level 3 in Conjurations
  2762 | D:4      | Reached XP level 7. HP: 30/55 MP: 4/14
  2925 | D:4      | Found a glowing golden altar of the Shining One.
  3096 | D:4      | Reached skill level 5 in Spellcasting
  3531 | D:3      | Noticed Terence
  3538 | D:3      | Killed Terence
  4098 | D:2      | Killed Sigmund
  4099 | D:2      | Reached skill level 4 in Conjurations
  4245 | D:5      | Entered Level 5 of the Dungeon
  4291 | D:5      | Reached XP level 8. HP: 44/62 MP: 4/16
  4466 | D:5      | Noticed Grinder
  4472 | D:5      | Killed Grinder
  4473 | D:5      | Reached skill level 5 in Conjurations
  4493 | D:5      | Found Olunnesoi's Weapon Boutique.
  4519 | D:5      | Noticed Prince Ribbit
  4543 | D:5      | Killed Prince Ribbit
  4544 | D:5      | Reached skill level 6 in Conjurations
  5542 | D:6      | Reached skill level 7 in Conjurations
  5651 | D:6      | Found Tenosud's Weapon Boutique.
  5875 | D:6      | Found Epuli's Magic Scroll Shoppe.
  5880 | D:6      | Bought a scroll of teleportation for 36 gold pieces
  5880 | D:6      | Bought a scroll of identify for 24 gold pieces
  5880 | D:6      | Bought a scroll of teleportation for 36 gold pieces
  5880 | D:6      | Bought a scroll of identify for 24 gold pieces
  5886 | D:6      | Reached XP level 9. HP: 68/68 MP: 11/18
  5897 | D:6      | Reached skill level 8 in Conjurations
  5914 | D:6      | Found Ruax's Magic Scroll Emporium.
  6023 | D:6      | Bought a scroll of blinking for 75 gold pieces
  6023 | D:6      | Bought a scroll of identify for 20 gold pieces
  6023 | D:6      | Bought a scroll of identify for 20 gold pieces
  6023 | D:6      | Bought a scroll of teleportation for 30 gold pieces
  6023 | D:6      | Bought a scroll of teleportation for 30 gold pieces
  6023 | D:6      | Bought a scroll of teleportation for 30 gold pieces
  6137 | D:6      | Reached skill level 1 in Fighting
  6209 | D:6      | Found Ihixe's Antique Weapon Boutique.
  6260 | D:6      | Found Fyip's General Store.
  6264 | D:6      | Bought a scroll of identify for 24 gold pieces
  6264 | D:6      | Bought a scroll of identify for 24 gold pieces
  6655 | D:7      | Noticed an unseen horror
  6661 | D:7      | Killed an unseen horror
  6664 | D:7      | Noticed a cyclops
  6955 | D:7      | Noticed a boulder beetle
  7211 | D:7      | Killed a cyclops
  7212 | D:7      | Reached skill level 10 in Stealth
  7219 | D:7      | Reached XP level 10. HP: 83/87 MP: 3/21
  7385 | D:7      | Reached skill level 5 in Fighting
  7742 | D:7      | Killed a boulder beetle
  7880 | D:7      | Found a hazy altar of Hepliaklqana.
  8118 | D:7      | Found a staircase to the Ecumenical Temple.
  8131 | Temple   | Entered the Ecumenical Temple
  9019 | D:8      | Found a bloodstained altar of Trog.
  9070 | D:8      | Identified the +9 plate armour "Odassioha" {SInv}
  9222 | D:8      | Reached skill level 1 in Shields
 10024 | D:9      | Reached XP level 11. HP: 106/106 MP: 14/23
 10026 | D:9      | Noticed Erolcha
 10105 | D:9      | Killed Erolcha
 10106 | D:9      | Reached skill level 10 in Fighting
 10876 | D:10     | Entered Level 10 of the Dungeon
 10915 | D:10     | Found a flagged portal.
 10966 | D:10     | Found an opulent altar of Gozag.
 10994 | D:10     | Found a broken altar of Ashenzari.
 11086 | D:10     | Became a worshipper of Gozag Ym Sagoz the Greedy
 11102 | Bailey   | Entered a bailey
 11996 | Bailey   | Identified the ring "Wiedid" {rElec rPois rCorr Dex+6 SInv}
 12376 | D:10     | Found a white marble altar of Elyvilon.
 12744 | D:10     | Found a staircase to the Lair.
 13077 | D:11     | Noticed a cyclops
 13078 | D:11     | Noticed a four-headed hydra
 13090 | D:11     | Killed a four-headed hydra
 13097 | D:11     | Noticed a manticore
 13233 | D:11     | Killed a cyclops
 13378 | D:11     | Killed a manticore
 13484 | D:11     | Reached XP level 12. HP: 122/122 MP: 19/25
 13537 | D:11     | Found a staircase to the Orcish Mines.
 13681 | D:11     | Noticed a seven-headed hydra
 13689 | D:11     | Killed a seven-headed hydra
 13690 | D:11     | Reached skill level 10 in Spellcasting
 13979 | D:11     | Found an iron altar of Okawaru.
 13987 | D:11     | Identified the Collected Works on Poisoning
 14206 | D:11     | Noticed Remcycle's ghost (journeyman DsFi)
 14208 | D:11     | Found a runed translucent door.
 14613 | D:5      | Bought the +6 Majin-Bo {vamp, MP+6 Int+6} for 964 gold
                  | pieces
 14613 | D:5      | Found the +6 Majin-Bo {vamp, MP+6 Int+6}
 14724 | Lair:1   | Entered Level 1 of the Lair of Beasts
 14868 | Lair:1   | Noticed a seven-headed hydra
 14877 | Lair:1   | Killed a seven-headed hydra
 14986 | Lair:1   | Reached skill level 9 in Conjurations
 15273 | Lair:1   | Identified the +7 quarterstaff "Etanoatz" {freeze, Dex+5}
 15683 | Lair:2   | Noticed a death yak
 15833 | Lair:2   | Noticed a death yak
 15833 | Lair:2   | Noticed a death yak
 15833 | Lair:2   | Noticed a death yak
 15833 | Lair:2   | Noticed a death yak
 15891 | Lair:2   | Noticed a death yak
 15907 | Lair:1   | Killed a death yak
 15957 | Lair:1   | Killed a death yak
 16033 | Lair:2   | Found a transporter.
 16035 | Lair:2   | Found a transporter.
 16037 | Lair:2   | Noticed a boulder beetle
 16049 | Lair:2   | Noticed a death yak
 16049 | Lair:2   | Noticed a death yak
 16049 | Lair:2   | Noticed a death yak
 16071 | Lair:1   | Killed a death yak
 16072 | Lair:1   | Reached skill level 10 in Conjurations
 16232 | Lair:2   | Killed a death yak
 16232 | Lair:2   | Killed a death yak
 16239 | Lair:2   | Killed a death yak
 16240 | Lair:2   | Gained mutation: You can use your snake-like lower body to
                  | constrict enemies. [Naga growth]
 16240 | Lair:2   | Reached XP level 13. HP: 129/129 MP: 14/28
 16634 | Lair:2   | Found a hole to the Spider Nest.
 16646 | Lair:2   | Reached skill level 1 in Air Magic
 17006 | Lair:3   | Identified the ring of the Everdark {rF+ Dex+6}
 17162 | Lair:3   | Reached skill level 5 in Air Magic
 17290 | Lair:3   | Learned a level 5 spell: Lightning Bolt
 17500 | Lair:3   | Found a runed translucent door.
 17501 | Lair:3   | Noticed Ahyiw's ghost (journeyman GnWz)
 18061 | Lair:3   | Found a staircase to the Swamp.
 18251 | Lair:4   | Identified the +1 robe of Ruakoracw {*Slow rN++ Dex+4}
 19400 | Lair:5   | Reached XP level 14. HP: 116/138 MP: 19/30
 19482 | Lair:5   | Reached skill level 10 in Air Magic
 19961 | Lair:5   | Reached skill level 5 in Dodging
 20385 | Lair:1   | Bought a shimmering hat for 324 gold pieces
 20385 | Lair:1   | Identified the +4 hat of the Mackerel {*Corrode rPois rC+
                  | Dex+8} (You bought it in a shop on level 1 of the Lair of
                  | Beasts)
 20501 | Orc:1    | Entered Level 1 of the Orcish Mines
 21040 | Orc:1    | Noticed an orc warlord
 21073 | Orc:1    | Killed an orc warlord
 21421 | Orc:1    | Noticed a stone giant
 21435 | Orc:1    | Killed a stone giant
 22174 | Orc:1    | Noticed Nergalle
 22188 | Orc:1    | Killed Nergalle
 22553 | Orc:1    | Found Goreaky's Antique Armour Shop.
 22563 | Orc:1    | Bought a pair of distressingly furry gloves for 275 gold
                  | pieces
 22563 | Orc:1    | Identified the +0 pair of gloves of Teplar {rElec} (You
                  | bought it in a shop on level 1 of the Orcish Mines)
 22685 | Orc:1    | Identified the +4 quarterstaff of Moblich {speed, Fragile
                  | Str+5 Int+3 Dex+2}
 22688 | Orc:1    | Identified the +8 scimitar of Deflation {speed, *Rage
                  | Str+5}
 22696 | Orc:1    | Identified the +7 falchion of Waesch {speed, *Corrode rElec
                  | Str+2}
 22789 | Orc:2    | Entered Level 2 of the Orcish Mines
 22789 | Orc:2    | Found a staircase to the Elven Halls.
 22911 | Orc:2    | Found a dark tunnel.
 22969 | Orc:2    | Noticed an orc warlord
 22978 | Volcano  | Entered a volcano
 23157 | Volcano  | Reached XP level 15. HP: 135/144 MP: 31/31
 24338 | Orc:2    | Killed an orc warlord
 25389 | Orc:2    | Found Solesi's Antique Armour Shop.
 25390 | Orc:2    | Found Vineum's Antique Weapon Boutique.
 25392 | Orc:2    | Found Jauph's General Store.
 25392 | Orc:2    | Found Bubb's Book Shop.
 25420 | Orc:2    | Bought a book of Power for 630 gold pieces
 25656 | Lair:1   | Bought a shadowed robe for 205 gold pieces
 25656 | Lair:1   | Identified the +3 robe "Irecorro" {Regen+} (You bought it
                  | in a shop on level 1 of the Lair of Beasts)
 25656 | Lair:1   | Bought a shimmering leather armour for 252 gold pieces
 25656 | Lair:1   | Identified the +1 leather armour of Decompression {Int+4}
                  | (You bought it in a shop on level 1 of the Lair of Beasts)
 25684 | Lair:1   | Bought a pair of slimy gloves for 332 gold pieces
 25684 | Lair:1   | Identified the +1 pair of gloves "Zacw" {rC+ rCorr} (You
                  | bought it in a shop on level 1 of the Lair of Beasts)
 25771 | Lair:6   | Entered Level 6 of the Lair of Beasts
 26757 | Lair:6   | Reached skill level 11 in Conjurations
 27330 | Lair:6   | Reached skill level 12 in Conjurations
 27340 | Lair:6   | Reached XP level 16. HP: 105/152 MP: 23/34
 27344 | Lair:6   | Identified the +6 flail "Coso" {drain, +Rage Will++ SInv}
 27625 | Lair:6   | Found a staircase to the Slime Pits.
 28372 | D:12     | Noticed Azrael
 28391 | D:12     | Killed Azrael
 28687 | D:12     | Learned a level 7 spell: Orb of Destruction
 29265 | D:12     | Noticed Psyche
 29269 | D:12     | Killed Psyche
 29390 | D:13     | Reached skill level 13 in Conjurations
 30318 | D:13     | Noticed Nessos
 30324 | D:13     | Killed Nessos
 30520 | D:13     | Reached skill level 14 in Conjurations
 30597 | D:13     | Found a gate to the Vaults.
 31950 | D:14     | Learned a level 5 spell: Irradiate
 32089 | Lair:1   | Bought the +10 Black Knight's barding {ponderous, rPois
                  | rN+} for 1331 gold pieces
 32089 | Lair:1   | Found the +10 Black Knight's barding {ponderous, rPois rN+}
 32182 | D:15     | Entered Level 15 of the Dungeon
 32182 | D:15     | Found Pobietz's Weapon Shoppe.
 32188 | D:15     | Found an ancient bone altar of Kikubaaqudgha.
 32415 | D:15     | Noticed Kirke
 32429 | D:15     | Reached skill level 15 in Conjurations
 32430 | D:15     | Killed Kirke
 33156 | D:15     | Found Weomaizxum's Antique Weapon Shop.
 33220 | D:15     | Found Uzxafodixu's Antique Armour Shoppe.
 33282 | D:15     | Found a staircase to the Depths.
 33321 | D:15     | Found Soaly's Jewellery Shop.
 33774 | Elf:1    | Entered Level 1 of the Elven Halls
 33805 | Elf:1    | Reached XP level 17. HP: 131/159 MP: 20/35
 34115 | Elf:1    | Reached skill level 16 in Conjurations
 34776 | Elf:1    | Identified Dyhukhle's Almanac of Summoning
 34865 | Elf:1    | Learned a level 6 spell: Freezing Cloud
 35321 | Elf:1    | Found a huge runed gate.
 35321 | Elf:1    | Found a huge runed gate.
 35321 | Elf:1    | Found a huge runed gate.
 35322 | Elf:1    | Found a huge runed gate.
 35322 | Elf:1    | Found a huge runed gate.
 35323 | Elf:1    | Found a huge runed gate.
 35335 | Elf:1    | Found a huge runed gate.
 35335 | Elf:1    | Found a huge runed gate.
 35335 | Elf:1    | Found a huge runed gate.
 35339 | Elf:1    | Found a huge runed gate.
 35614 | Elf:1    | Found a huge runed gate.
 35614 | Elf:1    | Found a huge runed gate.
 35614 | Elf:1    | Found a huge runed gate.
 35635 | Elf:1    | Found a huge runed gate.
 35635 | Elf:1    | Found a huge runed gate.
 35635 | Elf:1    | Found a huge runed gate.
 35635 | Elf:1    | Found a huge runed gate.
 35635 | Elf:1    | Found a huge runed gate.
 35635 | Elf:1    | Found a huge runed gate.
 35638 | Elf:1    | Found a huge runed gate.
 35721 | Elf:1    | Noticed Nikola
 35727 | Elf:1    | Killed Nikola
 36047 | Elf:1    | Noticed a hellephant
 36610 | Elf:1    | Killed a hellephant
 37026 | Elf:1    | Reached skill level 15 in Fighting
 37416 | Elf:2    | Reached XP level 18. HP: 137/178 MP: 3/36
 37434 | Elf:2    | Found a magical portal.
 37505 | WizLab   | Entered The Chambers of the Cloud Mage
 37550 | WizLab   | HP: 4/178 [spriggan air mage/the air (13)]
 37552 | WizLab   | Killed from afar by a spriggan air mage

Illustrated notes

Levels and vault maps discovered:
D:1:      amcnicky_arrival_flooded_fountain, layout_basic,
          ebering_ecumenical_altar_hall, minmay_misc_feat_hallway
D:2:      layout_basic, minmay_domino_2, uniq_sigmund
D:3:      layout_loops_ring, old_standard_altar, uniq_terence
D:4:      layout_rooms, nicolae_tso_swordbearing_angel,
          cheibrodos_sewer_entry_drain
D:5:      layout_loops_ring, serial_shops, shop, uniq_grinder,
          uniq_prince_ribbit1
D:6:      layout_basic, serial_shops, shop, kennysheep_little_box, shop_coins,
          shop, shop
D:7:      layout_rooms, nicolae_hepliaklqana_hippocampus,
          minmay_temple_entry_statues_pillars, st_stairs_1, grunt_ministairs_8,
          minmay_manual_mandibuliform
D:8:      layout_rooms, marbit_many_paths
D:9:      layout_gridville, uniq_erolcha
D:10:     layout_basic, overflow_temple_1_default,
          nicolae_overflow_crystal_walls, elyvilon_altar_5, lair_entry_dummy,
          enter_bailey_5
D:11:     minmay_chambers_of_sixes, layout_basic, orc_david_3,
          hellmonk_ghost_happy_afterlife, okawaru_gym_becter
D:12:     layout_basic, uniq_azrael, uniq_psyche
D:13:     layout_irregular_city, skrybe_vaults_entry_preservation, uniq_nessos
D:14:     layout_roguey, minmay_parallelograms, kennysheep_small_square
D:15:     hangedman_depths_entry_civil_slaughter, layout_loops_corners,
          minmay_misc_feat_tower, serial_shops, shop, shop_coins, shop, shop,
          lemuel_zombie_altar_kikubaaqudgha, uniq_kirke
Temple:   regret_index_temple_waves
Lair:1:   layout_cellular_growth
Lair:2:   gammafunk_boulding_lane, layout_hall_layers,
          nicolae_spider_entry_tight_spaces, lemuel_fruit_fields,
          infiniplex_staircase_pool
Lair:3:   layout_hall_layers, palyth_hydra_swamp_entry,
          ebering_ghost_inner_flame, serial_rivers,
          chequers_serial_rivers_micro_c, chequers_serial_rivers_room_b,
          chequers_serial_rivers_micro_b, chequers_serial_rivers_room_b,
          chequers_serial_rivers_micro_b, nzn_sisyphean_effort,
          grunt_megastairs_1
Lair:4:   layout_regular_city
Lair:5:   layout_cave_shapes, grunt_megastairs_3
Lair:6:   minmay_lair_end_frog_pond, layout_cave_shapes, slime_dummy,
          lemuel_fruit_fields
Orc:1:    giant_chief_lemuel, layout_diamond_mine, serial_shops,
          nicolae_shop_stone, uniq_nergalle
Orc:2:    st_orc_congregation, layout_diamond_mine,
          nicolae_volcano_entry_two_sided
Elf:1:    layout_geoelf_diagonals, minmay_elf_demonology, not_door_vault_due,
          grunt_megastairs_2, uniq_nikola
Elf:2:    layout_gridlike, mu_enter_wizlab_4, kilobyte_mutagenic_chamber
WizLab:   wizlab_cloud

Skill      XL: |  1  2  3  4  5  6  7  8  9 10 11 12 13 14 15 16 17 18 |
---------------+-------------------------------------------------------+-----
Conjurations   | 1 2 3 4 7 8 10 12 15 16 | 16.0
Stealth        | 4 5 6 7 8 10 | 10.0
Spellcasting   | 3 4 5 6 7 8 9 11 12 14 | 14.0
Fighting       | 4 9 12 15 | 15.0
Shields        | 2 |  2.4
Dodging        | 4 8 |  8.0
Air Magic      | 9 12 13 | 13.1
Transmutations | |  1.0
Poison Magic   | |  4.0

Action                   |  1- 3 |  4- 6 |  7- 9 | 10-12 | 13-15 | 16-18 || total
-------------------------+-------+-------+-------+-------+-------+-------++-------
Melee: Unarmed           |     3 |       |       |       |       |       ||     3
       Falchion          |    13 |    39 |    39 |   113 |       |       ||   204
       Quarterstaff      |       |       |       |    75 |   811 |   255 ||  1141
       Constrict         |       |       |       |       |   186 |    36 ||   222
Throw: Stone             |     9 |     9 |    18 |    23 |    60 |    16 ||   135
       Javelin           |     4 |     5 |       |       |       |       ||     9
 Cast: Sting             |    25 |    43 |    51 |   149 |    29 |     2 ||   299
       Mephitic Cloud    |     1 |     8 |    46 |   123 |    84 |    13 ||   275
       Ignite Poison     |       |     1 |    30 |    83 |    55 |    12 ||   181
       Lightning Bolt    |       |       |       |       |   196 |    82 ||   278
       Orb of Destructio |       |       |       |       |       |   147 ||   147
       Irradiate         |       |       |       |       |       |     2 ||     2
       Freezing Cloud    |       |       |       |       |       |     1 ||     1
Invok: Call Merchant     |       |       |       |       |     3 |     1 ||     4
 Abil: Spit Poison       |    43 |    49 |    68 |   139 |    83 |    11 ||   393
Evoke: Wand              |       |       |       |     2 |       |     2 ||     4
       Lightning rod     |       |       |       |       |     4 |    10 ||    14
       Condenser vane    |       |       |       |       |       |     3 ||     3
       Phantom mirror    |       |       |       |       |       |     1 ||     1
  Use: Scroll            |       |     4 |    11 |    12 |     6 |    20 ||    53
       Potion            |       |     1 |     1 |     1 |     1 |     9 ||    13
 Stab: Confused          |       |     2 |     2 |     4 |    14 |     1 ||    23
       Distracted        |       |       |       |       |     8 |     3 ||    11
       Sleeping          |       |       |       |       |     3 |     1 ||     4
Armor: Robe              |     6 |    18 |    30 |     6 |       |   184 ||   244
       Leather armour    |       |       |       |   103 |       |       ||   103
       Troll leather arm |       |       |       |   115 |   525 |    29 ||   669
Dodge: Dodged            |    23 |    43 |    44 |   217 |   723 |   227 ||  1277
Block: Buckler           |       |       |       |    72 |       |       ||    72
       Other             |       |       |       |       |       |    30 ||    30
       Reflection        |       |       |       |       |       |     7 ||     7
       Rpst.: Falchion   |     4 |    17 |     7 |    30 |       |       ||    58

Table legend: (Time is in decaauts)
 A = Elapsed time spent in this place.
 B = Non-inter-level travel time spent in this place.
 C = Inter-level travel time spent in this place.
 D = Time resting spent in this place.
 E = Time spent auto-exploring this place.
 F = Levels seen in this place.
 G = Mean time per level.
                   A        B        C        D        E       F      G
               +--------+--------+--------+--------+--------+-----+--------+
         Total |  47224 |  43801 |   3423 |  10453 |  22941 |  30 | 1574.1 |
       Dungeon |  23410 |  21508 |   1902 |   4815 |  12682 |  15 | 1560.7 |
        Temple |    208 |    105 |    103 |      0 |    103 |   1 |  208.0 |
          Lair |  10575 |   9523 |   1052 |   1480 |   5526 |   6 | 1762.5 |
  Orcish Mines |   5602 |   5327 |    275 |   1575 |   2085 |   2 | 2801.0 |
   Elven Halls |   4017 |   3927 |     90 |   1730 |   1473 |   2 | 2008.5 |
         Sewer |    950 |    950 |      0 |    292 |    275 |   1 |  950.0 |
        Bailey |   1425 |   1425 |      0 |    337 |    360 |   1 | 1425.0 |
       Volcano |    983 |    983 |      0 |    202 |    436 |   1 |  983.0 |
        Wizlab |     50 |     50 |      0 |     20 |      0 |   1 |   50.0 |
               +--------+--------+--------+--------+--------+-----+--------+

Top non-repeatable levels by time:
   Elf:1: 3835 daAuts
   Orc:2: 2874 daAuts
   Orc:1: 2728 daAuts
  Lair:6: 2305 daAuts
    D:11: 2129 daAuts
     D:6: 2026 daAuts
  Lair:1: 1979 daAuts
    D:10: 1838 daAuts
    D:14: 1838 daAuts
    D:13: 1801 daAuts
  Lair:4: 1799 daAuts
  Lair:3: 1777 daAuts
    D:15: 1686 daAuts
     D:8: 1652 daAuts
     D:7: 1569 daAuts
